 Dungeon Crawl Stone Soup version 0.22.0 (webtiles) character file.

9 KnightedAnt the Skirmisher (level 2, -2/24 HPs)
             Began as a Formicid Abyssal Knight on Oct 29, 2018.
             Was an Initiate of Lugonu.
             Slain by a hobgoblin
             ... wielding a +0 club
              (6 damage)
             ... on level 1 of the Dungeon.
             The game lasted 00:00:57 (559 turns).

KnightedAnt the Skirmisher (Formicid Abyssal Knight) Turns: 559, Time: 00:00:57

Health: -2/24      AC:  3    Str: 16    XL:     2   Next: 20%
Magic:  3/3        EV: 11    Int: 11    God:    Lugonu [......]
Gold:   51         SH:  0    Dex: 10    Spells: 1/1 levels left

rFire    . . .     SeeInvis +   h - +0 dagger (holy)
rCold    . . .     Gourm    .   (no shield)
rNeg     . . .     Faith    .   b - +0 leather armour
rPois    .         Spirit   .   (helmet unavailable)
rElec    .         Reflect  .   (no cloak)
rCorr    .         Harm     .   (no gloves)
MR       .....                  (no boots)
Stlth    +.........             (no amulet)
HPRegen  0.08/turn              (no ring)
MPRegen  0.08/turn              (no ring)

@: no status effects
A: permanent stasis, dig shafts and tunnels, four strong arms, antennae 3
a: Dig, Shaft Self, Renounce Religion


You were on level 1 of the Dungeon.
You worshipped Lugonu.
Lugonu was noncommittal.
You were not hungry.

You visited 1 branch of the dungeon, and saw 1 of its levels.
You visited the Abyss 1 time.

You collected 51 gold pieces.

Inventory:

Hand Weapons
 a - a +1 mace
 h - a +0 dagger of holy wrath (weapon)
Armour
 b - a +0 leather armour (worn)
Wands
 g - a wand of iceblast (7)
Scrolls
 e - a scroll of remove curse {unknown}
 f - 2 scrolls of teleportation {unknown}
 i - a scroll of identify {unknown}
 j - a scroll of enchant armour {unknown}
Potions
 d - a potion of agility {unknown}
 k - a potion of resistance {unknown}
Comestibles
 c - a ration


   Skills:
 + Level 3.4 Fighting
 + Level 2.1 Maces & Flails
 + Level 2.3 Armour
 + Level 1.1 Dodging
 + Level 2.4 Invocations


You had one spell level left.
You didn't know any spells.
Your spell library was empty.

Dungeon Overview and Level Annotations

Branches:
Dungeon (1/15)

Altars:


Innate Abilities, Weirdness & Mutations

You cannot be hasted, slowed, berserked, paralysed or teleported.
You can dig through walls and to a lower floor.
Your four strong arms can wield two-handed weapons with a shield.
You have a pair of large antennae on your head. (SInv)


Message History

You hit the hobgoblin.
The hobgoblin is heavily wounded.
You hit the hobgoblin.
The hobgoblin is almost dead.
The hobgoblin barely misses you.
You hit the hobgoblin but do no damage.
The hobgoblin is almost dead.
The hobgoblin hits you with a club.
* * * LOW HITPOINT WARNING * * *
You hit the hobgoblin but do no damage.
The hobgoblin is almost dead.
The hobgoblin closely misses you.
You closely miss the hobgoblin.
The hobgoblin is almost dead.
The hobgoblin hits you with a club.
* * * LOW HITPOINT WARNING * * *
You hit the hobgoblin but do no damage.
The hobgoblin is almost dead.
The hobgoblin hits you with a club.
You die...

........# #.. ........# #..
........# #..
........############## #.#
....................># #.#
........########.....# ###.#
.........# #.....# #...#
......^..#######.....####.###
#####....hrg@..#.....'....#
#.###h#######....######## #.
#..# #............ #. ##.#
##...........
#.....h.....##.#........#
#..hr.......##.###......#
#...........##.# #......#
#...........##.# #......#
#.#####..#####.# #......#


You could see 2 jackals, a hobgoblin and a rat.

Vanquished Creatures
  An ooze (D:1)
  A goblin (D:1)
  A hobgoblin (D:1)
  A kobold (D:1)
  A rat (D:1)
5 creatures vanquished.

Notes
Turn   | Place    | Note
-------+----------+-------------------------------------------
     0 | Abyss:1  | KnightedAnt the Formicid Abyssal Knight began the quest for the Orb.
     0 | Abyss:1  | Reached XP level 1. HP: 18/18 MP: 2/2
    80 | Abyss:2  | Noticed a large abomination
    81 | Abyss:2  | Noticed a ynoxinul
    85 | Abyss:2  | Noticed a small abomination
    89 | D:1      | Escaped the Abyss
   401 | D:1      | Reached skill level 1 in Dodging
   536 | D:1      | Reached XP level 2. HP: 24/24 MP: 3/3
   559 | D:1      | Slain by a hobgoblin

Skill      XL: |  1 |
---------------+----+-----
Dodging        | 1 |  1.1
Fighting       | |  3.4
Maces & Flails | |  2.1
Armour         | |  2.3
Invocations    | |  2.4

Action                   || total
-------------------------++-------
Melee: Dagger            ||    26
       Mace              ||     2
Invok: Depart the Abyss  ||     1
Armor: Leather armour    ||     2
Dodge: Dodged            ||    14
